 Dungeon Crawl Stone Soup version 0.24-a0-203-gf0bc1e9 (webtiles) character file.

Game seed: 17780069703153018796

46 Borgoz the Cutter (level 3, -2/19 HPs)
             Began as a Kobold Gladiator on Mar 26, 2019.
             Slain by Sigmund
             ... wielding a +0 scythe
              (11 damage)
             ... on level 2 of the Dungeon.
             The game lasted 00:03:03 (1818 turns).

Borgoz the Cutter (Kobold Gladiator)                Turns: 1818, Time: 00:03:04

Health: -2/19      AC:  3    Str: 12    XL:     3   Next: 92%
Magic:  3/3        EV: 22    Int:  9    God:
Gold:   41         SH:  0    Dex: 21    Spells: 2/2 levels left

rFire    . . .     SeeInvis .   a - +0 rapier
rCold    . . .     Gourm    .   (shield restricted)
rNeg     . . .     Faith    .   b - +0 leather armour
rPois    .         Spirit   .   (helmet restricted)
rElec    .         Reflect  .   (no cloak)
rCorr    .         Harm     .   (no gloves)
MR       .....                  (no boots)
Stlth    +++.......             (no amulet)
HPRegen  0.06/turn              (no ring)
MPRegen  0.08/turn              (no ring)

@: agile
A: small, beak, carnivore, frail 1, subdued magic 1
a: no special abilities


You were on level 2 of the Dungeon.
You were completely stuffed.

You visited 1 branch of the dungeon, and saw 2 of its levels.

You collected 41 gold pieces.

Inventory:

Hand Weapons
 a - a +0 rapier (weapon)
Missiles
 d - 3 throwing nets (quivered)
 g - 53 bolts
Armour
 b - a +0 leather armour (worn)
 c - a +0 helmet
Jewellery
 o - an uncursed amulet of magic regeneration {unknown}
 p - an uncursed ring of resist corrosion {unknown}
Scrolls
 e - 8 scrolls of identify {unknown}
 h - a scroll of noise {unknown}
 i - a scroll of teleportation {unknown}
 j - a scroll of magic mapping {unknown}
 q - a scroll of enchant armour {unknown}
Potions
 l - a potion of haste {unknown}
 m - a potion of degeneration {unknown}
Comestibles
 f - 3 rations


   Skills:
 + Level 2.7 Fighting
 + Level 4.5 Short Blades
 - Level 2.1 Throwing
 + Level 0.9 Armour
 + Level 4.1 Dodging
 + Level 1.7 Stealth


You had 2 spell levels left.
You didn't know any spells.
Your spell library was empty.

Dungeon Overview and Level Annotations

Branches:
Dungeon (2/15)

Altars:
Dithmenos
Nemelex Xobeh

Annotations:
D:2 Sigmund


Innate Abilities, Weirdness & Mutations

You are small and have problems with some larger weapons.
You are carnivorous and can eat meat at any time.
You have a beak for a mouth.
You are frail. (-10% HP)
Your spells are a little easier to cast, but a little less powerful.


Message History

The helpless jackal fails to defend itself.
You impale the jackal!!
You kill the jackal!
No target in view!
Sigmund the Dreaded comes into view.
He is wielding a +0 scythe.
Sigmund is nearby!
Sigmund completely misses you.
You closely miss Sigmund.
Sigmund drinks a potion.
Sigmund flickers and vanishes!
Deactivating autopickup; reactivate with Ctrl-A.
It was a potion of mutation.
You feel extremely strange.
Your connection to magic feels subdued.
You feel frail.
Your mouth lengthens and hardens into a beak!
Your +0 helmet falls away!
Something hits you!
Ouch! That really hurt!
It was a potion of agility.
You feel agile all of a sudden. Something hits you!
Ouch! That really hurt!
You die...

# #### ...# ##.# ###
##.# #.# #..# #.#
#..###########.#
#............#.#########
#.#####.###.....@{......
#.....................##
#.#####.###.##.#####....
#.# #.......... .## #.#
#.###.##.##.. #.#
#.###.##.# .#
#.#####........##.# .
....รท............>##..#
#.#########.##.##.....#


There were no monsters in sight!

Vanquished Creatures
  A worm (D:2)
  2 dart slugs
  A leopard gecko (D:1)
  A ball python (D:2)
  4 bats (D:1)
  3 goblins
  6 hobgoblins
  3 jackals (D:2)
  7 kobolds
  A quokka (D:2)
  5 rats
34 creatures vanquished.

Notes
Turn   | Place    | Note
-------+----------+-------------------------------------------
     0 | D:1      | Borgoz the Kobold Gladiator began the quest for the Orb.
     0 | D:1      | Reached XP level 1. HP: 12/12 MP: 1/1
   185 | D:1      | Reached XP level 2. HP: 12/18 MP: 2/2
   198 | D:1      | Reached skill level 1 in Stealth
   889 | D:2      | Reached XP level 3. HP: 22/22 MP: 3/3
  1011 | D:2      | Found a shadowy altar of Dithmenos.
  1058 | D:2      | Found a faded altar of an unknown god.
  1716 | D:2      | Found a sparkling altar of Nemelex Xobeh.
  1810 | D:2      | Noticed Sigmund
  1817 | D:2      | Gained mutation: Your spells are a little easier to cast,
                  | but a little less powerful. [potion of mutation]
  1817 | D:2      | Gained mutation: You are frail. (-10% HP) [potion of
                  | mutation]
  1817 | D:2      | Gained mutation: You have a beak for a mouth. [potion of
                  | mutation]
  1818 | D:2      | Slain by Sigmund

Levels and vault maps discovered:
D:1:      minmay_arrival_open_corners, layout_basic
D:2:      layout_basic, nicolae_dithmenos_shadow_blocks,
          chequers_ecumenical_altar_simple_redux, nemelex_lonely_heart_becter,
          uniq_sigmund

Skill      XL: |  1  2  3 |
---------------+----------+-----
Stealth        | 1 |  1.7
Dodging        | 4 |  4.1
Fighting       | |  2.7
Short Blades   | |  4.5
Throwing       | |  2.1
Armour         | |  0.9

Action                   || total
-------------------------++-------
Melee: Rapier            ||   121
  Use: Potion            ||     3
 Stab: Sleeping          ||     4
  Eat: Chunk             ||    11
Armor: Leather armour    ||    21
Dodge: Dodged            ||    78

Table legend:
 A = Non-vault XP
 B = Vault XP
 C = Vault XP percentage of total XP
 D = Non-vault monster count
 E = Vault monster count
 F = Vault count percentage of total count
                 A         B        C        D         E       F
            +---------+---------+-------+---------+---------+-------
      Total |      66 |       0 |   0.0 |      34 |       0 |   0.0
            +---------+---------+-------+---------+---------+-------
        D:1 |      28 |       0 |   0.0 |      15 |       0 |   0.0
        D:2 |      38 |       0 |   0.0 |      19 |       0 |   0.0
            +---------+---------+-------+---------+---------+-------
